 Dungeon Crawl Stone Soup version 0.15.2 (webtiles) character file.

205 bullock the Ruinous (level 5, -1/28 HPs)
             Began as a Gargoyle Wizard on Nov 26, 2014.
             Killed from afar by Sigmund (4 damage)
             ... with a wand of magic darts
             ... on Level 3 of the Dungeon.
             The game lasted 00:10:43 (3738 turns).

bullock the Ruinous (Gargoyle Wizard)               Turns: 3738, Time: 00:10:43

HP  -1/28        AC  7     Str 10      XL: 5   Next: 83%
MP  13/13        EV 10     Int 20      God:
Gold 80          SH  0     Dex  8      Spells:  5 memorised,  1 level left

rFire  + . .     SeeInvis .     y - -2 dagger (curse)
rCold  . . .     Clarity  .     n - +0 leather armour
rNeg   + . .     rCorr    .     (no shield)
rPois  +         rRot     +     (no helmet)
rElec  +         Spirit   .     (no cloak)
SustAb .         Warding  .     (no gloves)
rMut   .         Stasis   .     (no boots)
Gourm  .                        (no amulet)
MR     .....                    (no ring)
                                b - ring of protection from fire

@: repel missiles, not resistant to hostile enchantments, very unstealthy
A: negative energy resistance 1, electricity resistance, unbreathing,
petrification resistance, rot immunity, AC +4
a: no special abilities


You were on level 3 of the Dungeon.
You were very hungry.

You visited 1 branch of the dungeon, and saw 3 of its levels.

You collected 80 gold pieces.

Inventory:

Hand weapons
 y - a cursed -2 dagger (weapon)
Armour
 n - a +0 leather armour (worn)
Comestibles
 a - 4 fruits
 d - 4 bread rations
 j - 3 meat rations
Scrolls
 h - a scroll of magic mapping {unknown}
 k - 2 scrolls of remove curse {unknown}
 o - a scroll of teleportation {unknown}
 p - 2 scrolls of blinking {unknown}
 r - a scroll of enchant armour {unknown}
 t - a scroll of recharging {unknown}
 u - 2 scrolls of identify {unknown}
 w - a scroll of noise {unknown}
 x - a scroll of fog {unknown}
Jewellery
 b - a ring of protection from fire (left hand)
Potions
 e - a potion of invisibility {unknown}
 g - 2 potions of heal wounds {unknown}
 i - a potion of resistance {unknown}
 l - 3 potions of brilliance {unknown}
 m - a potion of porridge
 q - a potion of haste {unknown}
 s - 2 potions of curing {unknown}
 v - a potion of mutation {unknown}
Books
 c - a book of Minor Magic

   Spells                             Type                      Level
   *Magic Dart                        Conjuration                  1
   *Blink                             Translocation                2
   Call Imp                           Summoning                    2
   *Repel Missiles                    Charms/Air                   2
   Slow                               Hexes                        2
   *Conjure Flame                     Conjuration/Fire             3
   *Mephitic Cloud                    Conjuration/Poison/Air       3


   Skills:
 - Level 1.5 Dodging
 - Level 2.1 Stealth
 + Level 4.1 Spellcasting
 * Level 5.0 Conjurations
   Level 0.8 Summonings
 - Level 0.8 Translocations


You had one spell level left.
You knew the following spells:

 Your Spells              Type           Power        Failure   Level  Hunger
a - Magic Dart            Conj           ###.         1%          1    None
f - Conjure Flame         Conj/Fire      ##......     14%         3    ###....
q - Blink                 Tloc           N/A          17%         2    #......
r - Mephitic Cloud        Conj/Pois/Air  ##......     21%         3    ###....
v - Repel Missiles        Chrm/Air       #.....       21%         2    #......


Dungeon Overview and Level Annotations

Branches:
Dungeon (3/15)

Altars:
Yredelemnul

Annotations:
D:3 Sigmund


Innate Abilities, Weirdness & Mutations

You are resistant to torment.
You are immune to poison.
Your stone body is very resilient (AC +4).
You resist negative energy.
You are resistant to electric shocks.
You can survive without breathing.
You are immune to petrification.
You are immune to rotting.


Message History

Sigmund hits the orc priest with a glowing scythe.
Sigmund freezes the orc priest.
Casting: Mephitic Cloud
Confirm with . or Enter, or press ? or * to list all spells.
Aiming: Conjure Flame
Press: ? - help, Dir - move target cursor The fire roars!
You are feeling very hungry.
You start resting.
Magic restored.
Sigmund zaps a wand.
The magic dart hits you!
Sigmund zaps a wand.
The magic dart hits you!
Casting: Conjure Flame
Confirm with . or Enter, or press ? or * to list all spells.
You can't see any susceptible monsters within range! (Use Z to cast anyway.)
The orc priest invokes the aid of Beogh against you.
Something smites you!
* * * LOW HITPOINT WARNING * * *
Sigmund zaps a wand.
The magic dart hits you!
You die...

.............
##...........
..........>.. ............
#.#....#.##
##########.#.##.....
.................(..
################.#.###....
..o@.....@...(............
################...###....
##....##.... #......#....
#......#.... ##....######
##..## ####


You could see Sigmund and an orc priest.

Vanquished Creatures
  2 orc priests (D:3)
  6 adders
  A giant mite (D:2)
  2 giant geckos
  An ooze (D:1)
  3 orcs (D:3)
  8 bats
  4 hobgoblins
  13 kobolds
  A quokka (D:3)
  A ball python (D:2)
  8 giant cockroaches
  5 giant newts
  14 goblins
  2 jackals (D:3)
  7 rats
78 creatures vanquished.

Notes
Turn   | Place    | Note
--------------------------------------------------------------
     0 | D:1      | bullock, the Gargoyle Wizard, began the quest for the Orb.
     0 | D:1      | Reached XP level 1. HP: 10/10 MP: 4/4
   299 | D:1      | Reached XP level 2. HP: 9/15 MP: 0/6
   586 | D:1      | Learned a level 2 spell: Blink
   589 | D:1      | Learned a level 2 spell: Repel Missiles
   743 | D:1      | Reached XP level 3. HP: 16/19 MP: 0/8
  1519 | D:2      | Reached XP level 4. HP: 20/24 MP: 1/10
  1611 | D:2      | Learned a level 3 spell: Conjure Flame
  2136 | D:2      | Found a basalt altar of Yredelemnul.
  2263 | D:3      | Reached skill level 4 in Conjurations
  2794 | D:3      | Reached XP level 5. HP: 28/28 MP: 3/12
  2799 | D:3      | Learned a level 3 spell: Mephitic Cloud
  3530 | D:3      | Reached skill level 5 in Conjurations
  3687 | D:3      | Noticed Sigmund
  3738 | D:3      | Killed from afar by Sigmund

Action                   |  1- 3 |  4- 6 || total
-------------------------+-------+-------++-------
Melee: Dagger            |    39 |    13 ||    52
       Unarmed           |     3 |       ||     3
 Cast: Magic Dart        |    80 |   128 ||   208
       Repel Missiles    |     1 |     2 ||     3
       Blink             |       |     1 ||     1
       Mephitic Cloud    |       |     7 ||     7
       Conjure Flame     |       |     1 ||     1
  Eat: Chunk             |       |     8 ||     8
